 Dungeon Crawl Stone Soup version 0.30-b1-2-g02819fbbbe (webtiles) character file.

Game seed: 6211254379752901646

2991 Chingon the Severer (level 9, -4/79 HPs)
             Began as a Minotaur Fighter on May 19, 2023.
             Slain by an orc warrior
             ... wielding a +0 spear
              (20 damage)
             ... in a bailey.
             The game lasted 00:07:43 (4817 turns).

Chingon the Severer (Minotaur Fighter)              Turns: 4817, Time: 00:07:43

Health: -4/79      AC: 15    Str: 20    XL:     9   Next: 54%
Magic:  8/8        EV:  7    Int:  5    God:
Gold:   346        SH:  5    Dex: 16    Spells: 8/8 levels left

rFire   . . .        A - +6 hand axe "Qyaneim" {elec, *Noise Str-5 Dex+6 SInv}
rCold   . . .        c - +0 buckler
rNeg    . . .        a - +2 chain mail
rPois   +            (helmet restricted)
rElec   .            G - +1 cloak {Will+}
rCorr   .            (no gloves)
SInv    +            o - +1 pair of boots
Will    +....        g - amulet of the acrobat Stlth
                     i - +4 ring of slaying
HPRegen 0.33/turn    D - ring "Sata" {rPois Stlth+}
MPRegen 0.11/turn

%: acrobat
@: studying Fighting
A: horns 2, retaliatory headbutt
a: no special abilities


You were in a bailey.
You visited 1 branch of the dungeon, and saw 7 of its levels.
You also visited: Bailey.

You collected 346 gold pieces.

Inventory:

Hand Weapons
 A - the +6 hand axe "Qyaneim" (weapon) {elec, *Noise Str-5 Dex+6 SInv}
   (You found it on level 4 of the Dungeon)

   Str:       It affects your strength (-5).
   Dex:       It affects your dexterity (+6).
   SInv:      It lets you see invisible.
   *Noise:    It may make noises in combat.
 H - a +2 hand axe of flaming
Armour
 a - a +2 chain mail (worn)
 c - a +0 buckler (worn)
 o - a +1 pair of boots (worn)
 G - a +1 cloak of willpower (worn)
Jewellery
 b - a ring of willpower
 g - an amulet of the acrobat (around neck)
 i - a +4 ring of slaying (left hand)
 D - the ring "Sata" (right hand) {rPois Stlth+}
   (You found it on level 4 of the Dungeon)

   [ring of poison resistance]

   rPois:     It protects you from poison.
   Stlth:     It makes you more stealthy.
 F - a ring of fire
Wands
 t - a wand of flame (25)
 J - a wand of polymorph (15)
Scrolls
 l - 2 scrolls of blinking
 m - a scroll of fog
 q - a scroll of teleportation
 x - a scroll of enchant armour
 y - a scroll of magic mapping
 C - a scroll of summoning
Potions
 d - a potion of might
 e - 4 potions of flight {unknown}
 f - a potion of invisibility {unknown}
 h - 3 potions of degeneration {unknown}
 j - 5 potions of curing {unknown}
 k - 3 potions of lignification {unknown}
 n - a potion of berserk rage {unknown}
 p - 4 potions of haste {unknown}
 u - a potion of resistance
 v - a potion of magic {unknown}
 w - a potion of mutation {unknown}
 z - 2 potions of brilliance {unknown}
 B - 3 potions of heal wounds {unknown}
 E - a potion of attraction {unknown}
 I - a potion of ambrosia {unknown}


   Skills:
 + Level 7.1 Fighting
 + Level 15.1 Axes
 - Level 3.6 Armour
 - Level 3.6 Shields


You had 8 spell levels left.
You didn't know any spells.
Your spell library contained the following spells:

 Spells                   Type           Power      Damage    Failure   Level
 Summon Small Mammal      Summ           0%         N/A       99%         1
 Call Canine Familiar     Summ           0%         N/A       100%        3
 Gell's Gravitas          Tloc           0%         N/A       100%        3
 Summon Guardian Golem    Hex/Summ       0%         N/A       100%        3
 Teleport Other           Tloc           0%         N/A       100%        3
 Dispersal                Tloc           0%         N/A       100%        6


Dungeon Overview and Level Annotations

Branches:
Dungeon (7/15)             Bailey (1/1)
 Temple: D:4-7

Altars:
Fedhas
Wu Jian

Annotations:
Bailey 2 runed translucent doors


Innate Abilities, Weirdness & Mutations

You have a pair of horns on your head.
You reflexively headbutt those who attack you in melee.


Message History

You headbutt the orc knight!
The orc knight is moderately wounded.
You hit the orc.
The orc hits you from afar with a +0 trident!
The orc hits you but does no damage.
The orc knight hits you but does no damage.
The orc barely misses you.
You slice the orc knight!! You headbutt the orc knight.
The orc knight is severely wounded.
You hit the orc. Lightning courses through the orc!
You kill the orc!
You block the orc's attack. The orc closely misses you.
The orc knight barely misses you.
Unknown command.
You slash the orc knight!
The orc knight is severely wounded.
Unknown command.
The orc misses you. You furiously retaliate!
You headbutt the orc!
You kill the orc!
The orc hits you with a +0 trident.
The orc knight hits you with a +0 trident.
The orc warrior hits you from afar with a +0 spear!
* * * LOW HITPOINT WARNING * * *
Things that are here:
a +0 halberd; a +0 chain mail; an orc corpse You barely miss the orc knight.
The orc knight is severely wounded.
You hit the orc. You block the orc warrior's attack.
The orc hits you but does no damage.
The orc knight hits you with a +0 trident.
* * * LOW HITPOINT WARNING * * *
Unknown command.
You hit the orc knight but do no damage.
Lightning courses through the orc knight!
Your headbutt misses the orc knight.
The orc knight is almost dead.
You hit the orc. Lightning courses through the orc!
You kill the orc!
The orc warrior hits you from afar with a +0 spear!!
You die...

#))##?!$$ .#
#..#)?)?))#..#
#..#..##..#..#
#..#..##..#..#
#..#......# .#
#..##...e# ..#
#..###++###..#
##...8.).o8)..##
#........)@)o..#
#..##########.$#
#### #


You could see an orc knight, a deep elf pyromancer and an orc warrior (strong).

Vanquished Creatures
  A hornet (D:5)
  Sigmund (D:2)
  A steam dragon (D:7)
  The ghost of Flugkiller the Vexing, an amateur BaEn (D:4)
  4 orc warriors
  2 ice beasts (D:4)
  2 black bears
  A centaur (D:5)
  A phantom (D:7)
  A bullfrog (D:7)
  3 scorpions
  5 orc priests
  Crazy Yiuf (D:4)
  3 hounds
  2 jellies
  Natasha (twice) (D:2)
  An iguana (D:6)
  14 orc wizards (D:6)
  A bullfrog simulacrum (D:4)
  15 gnolls
  10 adders
  A hound simulacrum (D:4)
  3 shadow imps
  A white imp (D:4)
  A howler monkey simulacrum (D:4)
  An ufetubus (D:6)
  A worm (D:2)
  The ghost of Shym the Sneak, a weakling MeDe (D:5)
  2 dart slugs
  2 adder simulacra (D:4)
  49 orcs
  8 ball pythons
  2 bats
  9 endoplasms
  A giant cockroach (D:2)
  10 hobgoblins
  6 jackals
  6 quokkas
  3 frilled lizards (D:2)
  18 goblins
  6 kobolds
  3 rats
206 creatures vanquished.

Notes
Turn   | Place    | Note
-------+----------+-------------------------------------------
     0 | D:1      | Chingon the Minotaur Fighter began the quest for the Orb.
     0 | D:1      | Reached XP level 1. HP: 19/19 MP: 0/0
   209 | D:1      | Reached skill level 3 in Axes
   233 | D:1      | Reached XP level 2. HP: 26/26 MP: 1/1
   670 | D:2      | Found a blossoming altar of Fedhas.
   694 | D:2      | Reached skill level 4 in Axes
   767 | D:2      | Reached XP level 3. HP: 31/31 MP: 2/2
   848 | D:2      | Noticed Natasha
   859 | D:2      | Killed Natasha
   860 | D:2      | Reached skill level 5 in Axes
  1049 | D:2      | Noticed Sigmund
  1059 | D:2      | Killed Sigmund
  1060 | D:2      | Reached skill level 7 in Axes
  1060 | D:2      | Reached XP level 4. HP: 29/39 MP: 3/3
  1060 | D:2      | Reached XP level 5. HP: 34/45 MP: 4/4
  1175 | D:2      | Reached XP level 6. HP: 40/51 MP: 5/5
  1373 | D:2      | Noticed Natasha
  1382 | D:2      | Killed Natasha
  1565 | D:3      | Reached skill level 8 in Axes
  2114 | D:4      | Reached skill level 9 in Axes
  2123 | D:4      | Reached XP level 7. HP: 43/57 MP: 6/6
  2127 | D:4      | Identified the +6 hand axe "Qyaneim" {elec, *Noise Str-5
                  | Dex+6 SInv}
  2185 | D:4      | Identified the ring "Sata" {rPois Stlth+}
  2267 | D:4      | Found a runed translucent gate.
  2267 | D:4      | Found a runed translucent gate.
  2267 | D:4      | Found a runed translucent gate.
  2298 | D:4      | Noticed Flugkiller's ghost (amateur BaEn)
  2312 | D:4      | Reached skill level 10 in Axes
  2462 | D:4      | Found an ornate altar of the Wu Jian Council.
  2645 | D:4      | Found a runed translucent door.
  2646 | D:4      | Noticed Crazy Yiuf
  2789 | D:4      | Killed Flugkiller's ghost
  2814 | D:4      | Reached skill level 11 in Axes
  2867 | D:4      | Reached XP level 8. HP: 57/64 MP: 7/7
  2992 | D:4      | Killed Crazy Yiuf
  3068 | D:5      | Entered Level 5 of the Dungeon
  3074 | D:5      | Noticed a hornet
  3081 | D:5      | Killed a hornet
  3082 | D:5      | Reached skill level 12 in Axes
  3239 | D:5      | Reached skill level 13 in Axes
  3247 | D:5      | Found a runed translucent gate.
  3247 | D:5      | Found a runed translucent gate.
  3247 | D:5      | Found a runed translucent gate.
  3250 | D:5      | Noticed Shym's ghost (weakling MeDe)
  3911 | D:5      | Killed Shym's ghost
  4062 | D:6      | Reached XP level 9. HP: 52/70 MP: 8/8
  4150 | D:6      | Reached skill level 14 in Axes
  4483 | D:6      | You fall into a shaft and drop 1 floor!
  4485 | D:7      | Identified a scroll of acquirement
  4488 | D:7      | Acquired a manual of Fighting
  4530 | D:7      | Reached skill level 5 in Fighting
  4547 | D:7      | Found a flagged portal.
  4556 | Bailey   | Entered a bailey
  4665 | Bailey   | Reached skill level 15 in Axes
  4679 | Bailey   | Found a large runed translucent door.
  4679 | Bailey   | Found a large runed translucent door.
  4786 | Bailey   | Noticed a deep elf pyromancer
  4800 | Bailey   | Noticed an orc knight
  4817 | Bailey   | Slain by an orc warrior

Illustrated notes

Levels and vault maps discovered:
D:1:      eino_arrival_cavern_a, layout_loops_ring
D:2:      layout_basic, basic_altar, uniq_sigmund, uniq_natasha
D:3:      layout_basic
D:4:      corexii_shantytown, layout_gridville, lemuel_crystal_altar,
          gammafunk_ghost_icy, minmay_crystal_room, uniq_crazy_yiuf_cottage
D:5:      layout_loops_cross, biasface_ghost_orc_armoury, hangedman_glass_teeth
D:6:      minmay_flawed_box, layout_gridville, minmay_temple_entry_from_below_a
D:7:      layout_gridville, enter_bailey_2, minmay_misc_feat_secret_circle,
          uniq_pikel
Bailey:   bailey_polearm_elven_captive_hellmonk, bailey

Skill      XL: |  1  2  3  4  5  6  7  8  9 |
---------------+----------------------------+-----
Axes           | 3 4 7 9 11 13 15 | 15.1
Fighting       | 7 |  7.1
Armour         | |  3.6
Shields        | |  3.6

Action                     |  1- 3 |  4- 6 |  7- 9 || total
---------------------------+-------+-------+-------++-------
  Melee: War axe           |    57 |    76 |       ||   133
         Headbutt          |     7 |     9 |    37 ||    53
         Hand axe          |       |       |   190 ||   190
    Use: Scroll            |       |       |     9 ||     9
   Stab: Sleeping          |       |       |     1 ||     1
 Armour: Scale mail        |    26 |    37 |    20 ||    83
         Chain mail        |       |       |    33 ||    33
  Dodge: Dodged            |    37 |    37 |    88 ||   162
  Block: Buckler           |    17 |    20 |    27 ||    64
